 Dungeon Crawl Stone Soup version 0.27-a0-543-gd81048afd2 (webtiles) character file.

Game seed: 11748957094309321191

483 Leibowitz the Cutter (level 7, -1/40 HPs)
             Began as a Kobold Gladiator on Mar 7, 2021.
             Was a Believer of Dithmenos.
             Slain by a gnoll
             ... wielding a +1 flail of protection
              (7 damage)
             ... on level 4 of the Dungeon.
             The game lasted 00:08:51 (3531 turns).

Leibowitz the Cutter (Kobold Gladiator)             Turns: 3531, Time: 00:08:51

Health: -1/40      AC:  9    Str: 11    XL:     7   Next: 34%
Magic:  7/7        EV: 16    Int: 10    God:    Dithmenos [**....]
Gold:   195        SH:  0    Dex: 18    Spells: 6/6 levels left

rFire    . . .     SeeInvis .   a - +0 rapier
rCold    . . .     Faith    .   (shield restricted)
rNeg     . . .     Spirit   .   b - +0 leather armour
rPois    .         Reflect  .   c - +0 helmet
rElec    .         Harm     .   g - +0 cloak
rCorr    .         Rampage  .   (no gloves)
Will     .....                  (no boots)
Stlth    +++++.....             (no amulet)
HPRegen  0.13/turn              k - +4 ring of protection
MPRegen  0.10/turn              (no ring)

@: wreathed by umbra
A: small, nightstalker 3
a: Renounce Religion, Shadow Step


You were on level 4 of the Dungeon.
You worshipped Dithmenos.
Dithmenos was pleased with you.
You visited 1 branch of the dungeon, and saw 4 of its levels.

You collected 195 gold pieces.

Inventory:

Hand Weapons
 a - a +0 rapier (weapon)
Missiles
 d - 3 throwing nets (quivered)
Armour
 b - a +0 leather armour (worn)
 c - a +0 helmet (worn)
 g - a +0 cloak (worn)
Jewellery
 k - a +4 ring of protection (left hand)
 r - a ring of protection from cold
Wands
 n - a wand of digging (1)
Scrolls
 e - 2 scrolls of enchant armour {unknown}
 j - a scroll of magic mapping {unknown}
 m - a scroll of teleportation {unknown}
 o - 4 scrolls of fog {unknown}
 q - a scroll of noise {unknown}
 t - a scroll of identify {unknown}
 u - a scroll of blinking {unknown}
Potions
 f - 2 potions of curing {unknown}
 h - a potion of heal wounds {unknown}
 i - 2 potions of invisibility {unknown}
 l - a potion of might {unknown}
 p - a potion of attraction {unknown}
 s - a potion of brilliance {unknown}
 v - a potion of mutation {unknown}


   Skills:
 + Level 2.8 Fighting
 + Level 7.2 Short Blades
 + Level 2.3 Throwing
 + Level 1.5 Armour
 + Level 4.6 Dodging
 + Level 5.6 Stealth


You had 6 spell levels left.
You didn't know any spells.
Your spell library was empty.

Dungeon Overview and Level Annotations

Branches:
Dungeon (4/15)             Temple (0/1) D:4

Altars:
Dithmenos
Gozag
Makhleb
Zin


Innate Abilities, Weirdness & Mutations

You are small and have problems with some larger weapons.
You are completely attuned to the shadows.


Message History

Dithmenos accepts your kill. The gnoll barely misses you.
You see here a worm corpse.
You hit the gnoll.
The gnoll is moderately wounded.
The gnoll misses you.
You hit the gnoll but do no damage.
The gnoll is moderately wounded.
The gnoll closely misses you.
You hit the gnoll but do no damage.
The gnoll is moderately wounded.
You hit the gnoll but do no damage.
The gnoll is moderately wounded.
The gnoll hits you with a +1 flail of protection!
* * * LOW HITPOINT WARNING * * *
You barely miss the gnoll.
The gnoll is moderately wounded.
The gnoll closely misses you.
You hit the gnoll but do no damage.
The gnoll is moderately wounded.
An adder comes into view.
The gnoll barely misses you.
The adder hisses angrily.
You hit the gnoll.
The gnoll is moderately wounded.
You hit the gnoll.
The gnoll is severely wounded.
The gnoll barely misses you.
You hit the gnoll but do no damage.
The gnoll is severely wounded.
The adder bites you but does no damage.
The gnoll hits you with a +1 flail of protection.
* * * LOW HITPOINT WARNING * * *
You hit the gnoll but do no damage.
The gnoll is severely wounded.
The adder bites you but does no damage.
You barely miss the gnoll.
The gnoll is severely wounded.
The gnoll hits you with a +1 flail of protection!
You die...

####.8.##
.../.....
[..8.>.8. ##.
#......# #..
##.8.#
#..###..###
#....S.##
##.@g## ###)###
#...)..#
#....#.#
######.#
#############.#
#..........##.#
#.###..###.##.#
#.# ##.# #....#


You could see a gnoll and an adder.

Vanquished Creatures
  Sigmund (D:4)
  A howler monkey (D:4)
  Crazy Yiuf (D:2)
  2 orc wizards (D:4)
  A hound skeleton (D:4)
  2 gnolls (D:4)
  7 adders
  An adder skeleton (D:4)
  2 worms
  3 dart slugs
  3 orcs
  9 giant cockroaches
  8 goblins
  14 hobgoblins
  3 jackals
  2 quokkas
  2 ball pythons
  14 bats
  6 frilled lizards
  9 kobolds
  11 rats
102 creatures vanquished.

Notes
Turn   | Place    | Note
-------+----------+-------------------------------------------
     0 | D:1      | Leibowitz the Kobold Gladiator began the quest for the Orb.
     0 | D:1      | Reached XP level 1. HP: 12/12 MP: 1/1
   115 | D:1      | Reached XP level 2. HP: 17/17 MP: 2/2
   357 | D:1      | Reached XP level 3. HP: 17/21 MP: 3/3
   561 | D:1      | Reached skill level 1 in Stealth
  1165 | D:2      | Found a shadowy altar of Dithmenos.
  1172 | D:2      | Became a worshipper of Dithmenos the Shadowed
  1263 | D:2      | Reached skill level 5 in Short Blades
  1277 | D:2      | Reached XP level 4. HP: 17/27 MP: 4/4
  1742 | D:2      | Reached * piety under Dithmenos
  1769 | D:2      | Found a faded altar of an unknown god.
  1845 | D:2      | Found a glowing silver altar of Zin.
  1883 | D:2      | Found an opulent altar of Gozag.
  1936 | D:2      | Reached XP level 5. HP: 31/31 MP: 5/5
  2064 | D:2      | Found a runed translucent door.
  2067 | D:2      | Noticed Crazy Yiuf
  2073 | D:2      | Killed Crazy Yiuf
  2074 | D:2      | Reached skill level 6 in Short Blades
  2287 | D:2      | Found a burning altar of Makhleb.
  2789 | D:3      | Reached skill level 1 in Armour
  2987 | D:3      | Reached ** piety under Dithmenos
  3073 | D:3      | Reached XP level 6. HP: 33/36 MP: 6/6
  3306 | D:4      | Noticed Sigmund
  3315 | D:4      | Killed Sigmund
  3316 | D:4      | Reached skill level 7 in Short Blades
  3316 | D:4      | Reached skill level 5 in Stealth
  3316 | D:4      | Reached XP level 7. HP: 16/40 MP: 7/7
  3490 | D:4      | Found a staircase to the Ecumenical Temple.
  3531 | D:4      | Slain by a gnoll

Illustrated notes

Levels and vault maps discovered:
D:1:      dpeg_arrival_circle_labyrinth_c, layout_rooms, minmay_box_of_dots
D:2:      minmay_thinvault, layout_loops_ring,
          pdpol_temple_overflow_zin_treasury_gozag_greed,
          grunt_dithmenos_smoke_and_mirrors, chequers_ecumenical_altar_twisty,
          minmay_misc_feat_enclosed, makhleb_altar_promises_db,
          uniq_crazy_yiuf_cottage
D:3:      layout_loops_ring
D:4:      layout_loops_ring, minmay_temple_entry_statues_pillars,
          gup_sewer_entry_spiral, uniq_sigmund, uniq_menkaure

Skill      XL: |  1  2  3  4  5  6 |
---------------+-------------------+-----
Dodging        | 4 |  4.6
Stealth        | 1 2 3 5 |  5.6
Short Blades   | 5 6 7 |  7.2
Armour         | 1 |  1.5
Fighting       | |  2.8
Throwing       | |  2.3

Action                   |  1- 3 |  4- 6 |  7- 9 || total
-------------------------+-------+-------+-------++-------
Melee: Rapier            |    86 |   179 |    31 ||   296
Throw: Throwing net      |       |     2 |       ||     2
 Stab: Distracted        |     2 |     1 |       ||     3
       Sleeping          |     5 |    22 |     1 ||    28
       Held in net/web   |       |     2 |       ||     2
Armor: Leather armour    |    21 |    36 |     5 ||    62
Dodge: Dodged            |    61 |   103 |    22 ||   186

Table legend: (Time is in decaauts)
 A = Elapsed time spent in this place.
 B = Non-inter-level travel time spent in this place.
 C = Inter-level travel time spent in this place.
 D = Time resting spent in this place.
 E = Time spent auto-exploring this place.
 F = Levels seen in this place.
 G = Mean time per level.
                   A        B        C        D        E       F      G
               +--------+--------+--------+--------+--------+-----+--------+
         Total |   3504 |   3338 |    166 |    117 |   2358 |   4 |  876.0 |
       Dungeon |   3504 |   3338 |    166 |    117 |   2358 |   4 |  876.0 |
               +--------+--------+--------+--------+--------+-----+--------+

Top non-repeatable levels by time:
     D:2: 1424 daAuts
     D:1: 1007 daAuts
     D:3: 758 daAuts
     D:4: 314 daAuts
